Capitals vs Rangers
Created - April 29, 2023 at 21:49
Goals
|
Capitals |
0 |
1 |
0 |
1 |
Rangers |
1 |
4 |
1 |
6 |
|
Shots
|
Capitals |
12 |
15 |
7 |
34 |
Rangers |
9 |
12 |
6 |
27 |
|
1st period
1. Rangers , Sean Couturier 27 (Dmitry Kulikov 17, Milan Lucic 40) at 0:10
Penalties :
Blake Pietila (Was) for Interference (Minor) at 6:12, Jake McCabe (NyR) for Elbowing (Minor) at 13:17
2nd period
2. Rangers , Milan Lucic 38 (Sean Couturier 59, Ryan Strome 20) at 2:06
3. Rangers , Magnus Paajarvi 7 (Henrik Samuelsson 7) at 7:42
4. Rangers , Milan Lucic 39 (Ryan Strome 21) at 9:13
5. Capitals , Phil Kessel 13 (Blake Pietila 21, Cody Hodgson 34) at 13:26 (PP)
6. Rangers , Ondrej Palat 9 (Henrik Samuelsson 8) at 14:22
Penalties :
Dmitry Kulikov (NyR) for Hooking (Minor) at 12:43, Sean Couturier (NyR) for Tripping (Minor) at 15:14
3rd period
7. Rangers , Ondrej Palat 10 (Milan Lucic 41, Jake McCabe 11) at 2:25
Penalties :
Taylor Hall (Was) for Roughing (Double Minor) at 1:10, Sean Couturier (NyR) for Roughing (Minor) at 1:14, Ryan Strome (NyR) for Tripping (Minor) at 7:03, Milan Lucic (NyR) for Hooking (Minor) at 16:58
Goalie Stats
Chet Pickard (Was), 9 saves from 11 shots - (0.818), 30:47 minutes
Cory Schneider (Was), 12 saves from 16 shots - (0.750), L, 23-19-3, 29:13 minutes
Frederik Andersen (NyR), 33 saves from 34 shots - (0.971), W, 19-22-5, 60:00 minutes
Players Stats for Capitals
Player Name G A P +/- PIM S H SB GA TA FO MP PP MP PK MP
------------------------------------------------------------------------------------
Alexei Marchenko 0 0 0 -1 0 2 2 0 1 1 0/0 20:56 3:26 2:17
Blake Pietila 0 1 1 -2 2 3 2 1 0 0 1/1 18:13 3:44 0:21
Brandon Burlon 0 0 0 -1 0 0 0 0 1 2 0/0 13:24 0:00 1:54
Brandon Gormley 0 0 0 -4 0 4 3 2 0 0 0/0 27:22 5:13 1:40
Brett Bulmer 0 0 0 0 0 0 2 0 0 0 0/0 5:32 0:00 0:00
Cody Hodgson 0 1 1 -2 0 3 2 0 0 0 9/17 18:13 3:44 0:40
Jared Spurgeon 0 0 0 -1 0 0 0 1 1 0 0/0 11:40 0:00 0:00
Jeff Skinner 0 0 0 0 0 1 0 0 0 0 0/0 6:15 0:00 0:43
Joe Colborne 0 0 0 -2 0 1 2 0 0 0 6/13 12:48 0:00 1:11
Jujhar Khaira 0 0 0 -2 0 2 2 1 0 0 0/1 12:48 0:00 1:11
Mike Green 0 0 0 -4 0 3 1 2 0 2 0/0 27:52 5:13 2:07
Nicklas Backstrom 0 0 0 -2 0 2 3 1 0 0 7/27 21:02 4:55 0:00
Patrick Kane 0 0 0 -2 0 2 1 1 0 0 4/5 23:00 4:55 1:44
Phil Kessel 1 0 1 -2 0 4 2 0 0 0 1/1 17:15 3:44 0:00
Sergey Kalinin 0 0 0 0 0 1 0 0 0 0 1/4 7:40 0:00 2:08
Shea Theodore 0 0 0 -1 0 1 0 1 0 0 0/0 18:46 3:26 0:00
Steve Downie 0 0 0 -2 0 2 1 1 0 0 1/1 11:34 0:00 0:00
Taylor Hall 0 0 0 -1 4 3 1 0 1 1 0/0 19:40 4:55 0:00
Players Stats for Rangers
Player Name G A P +/- PIM S H SB GA TA FO MP PP MP PK MP
------------------------------------------------------------------------------------
Brett Ponich 0 0 0 1 0 0 0 2 0 0 0/0 12:41 0:00 1:27
Cale Makar 0 0 0 1 0 2 0 0 0 0 0/0 11:13 0:00 0:00
Chris Mcallister 0 0 0 0 0 1 1 0 0 1 1/1 16:26 2:07 2:12
Devante Smith-Pelly 0 0 0 0 0 2 1 0 0 0 0/0 13:51 1:55 0:00
Dmitry Kulikov 0 1 1 4 2 1 2 1 0 0 0/0 29:09 3:09 4:25
Henrik Samuelsson 0 2 2 1 0 2 1 0 0 0 3/10 13:39 0:00 2:56
Jake McCabe 0 1 1 4 2 2 1 1 3 0 0/0 28:18 3:09 2:58
Josh Gorges 0 0 0 1 0 1 1 2 0 1 0/0 19:37 0:50 4:14
Magnus Paajarvi 1 0 1 1 0 1 0 0 0 0 0/0 7:34 0:00 0:40
Maxime Sauvé 0 0 0 1 0 1 1 0 0 0 1/2 7:33 0:00 0:53
Milan Lucic 2 2 4 4 2 4 1 0 0 0 7/13 22:52 1:39 3:53
Ondrej Palat 2 0 2 2 0 6 0 0 0 0 0/1 12:07 0:22 0:00
Patrik Nemeth 0 0 0 1 0 0 2 3 0 1 0/0 19:37 0:50 4:14
Richard Panik 0 0 0 1 0 1 0 0 1 0 0/0 10:49 0:03 0:00
Ryan Strome 0 2 2 3 2 0 1 0 0 0 3/3 19:07 1:52 1:02
Sean Couturier 1 1 2 3 4 2 2 0 2 0 18/27 21:29 2:03 3:53
Stefan Noesen 0 0 0 1 0 0 1 0 0 0 0/0 6:40 0:00 0:00
Tomas Hertl 0 0 0 0 0 1 2 0 0 1 7/13 16:34 1:55 1:49
3 Stars
1 - Milan Lucic (NyR)
2 - Ondrej Palat (NyR)
3 - Frederik Andersen (NyR)
Power Play
Capitals - 1 on 6 Attempt(s) - 16.67%
Rangers - 0 on 3 Attempt(s) - 0.00%
Penalty Kill
Capitals - 3 on 3 Attempt(s) - 100.00%
- Score 0 goal in Penalty Kill
Rangers - 5 on 6 Attempt(s) - 83.33%
- Score 0 goal in Penalty Kill
Team Stat
Capitals - Hits : 24 - Faceoff Wins : 30 - Blocked Shots : 11 - Penalty Minutes : 6
Rangers - Hits : 17 - Faceoff Wins : 40 - Blocked Shots : 9 - Penalty Minutes : 12
Official
Referees : Wes McCauley and Dan O'Rourke
Linesman : Travis Gawryletz and Bryan Pancich
Game Notes
Chet Pickard enters game at 9:13 of 2nd period
14:22 of 2nd period - Rangers goal is going for a video replay. After video review, Goal.
Finance
Level 1 -- Attendance: 5883 (98.05%) -- Ticket Income $588,300
Level 2 -- Attendance: 4429 (88.58%) -- Ticket Income $265,740
Level 3 -- Attendance: 2000 (100.00%) -- Ticket Income $70,000
Level 4 -- Attendance: 3551 (88.78%) -- Ticket Income $88,775
Luxury Box -- Attendance: 923 (92.30%) -- Ticket Income $184,600
Game was played at the Madison Square Garden.
Total Attendance: 16786 (93.26%)
Total Ticket Income: $1,197,415
Other Income: $179,612
Total Income: $1,377,027
Capitals
5 vs 5 Forward
Center Left Wing Right Wing Time % Phy DF OF
1 Nicklas Backstrom Taylor Hall Patrick Kane 35 0 0 5
2 Cody Hodgson Blake Pietila Phil Kessel 35 0 0 5
3 Joe Colborne Jujhar Khaira Steve Downie 25 0 1 4
4 Sergey Kalinin Jeff Skinner Brett Bulmer 5 0 2 3
5 vs 5 Defense
Defense Defense Time % Phy DF OF
1 Brandon Gormley Mike Green 40 0 2 3
2 Alexei Marchenko Shea Theodore 30 0 3 2
3 Brandon Burlon Jared Spurgeon 20 0 3 2
4 Brandon Gormley Mike Green 10 0 2 3
PowerPlay Forward
Center Left Wing Right Wing Time % Phy DF OF
1 Nicklas Backstrom Taylor Hall Patrick Kane 60 0 0 5
2 Cody Hodgson Blake Pietila Phil Kessel 40 0 0 5
PowerPlay Defense
Defense Defense Time % Phy DF OF
1 Brandon Gormley Mike Green 60 0 1 4
2 Alexei Marchenko Shea Theodore 40 0 2 3
Penalty Kill 4 Players Forward
Center Wing Time % Phy DF OF
1 Sergey Kalinin Patrick Kane 60 0 4 1
2 Joe Colborne Jujhar Khaira 40 0 4 1
Penalty Kill 4 Players Defense
Defense Defense Time % Phy DF OF
1 Alexei Marchenko Mike Green 60 0 4 1
2 Brandon Gormley Brandon Burlon 40 0 4 1
Penalty Kill - 3 Players Forward
Forward Time % Phy DF OF
1 Patrick Kane 60 0 5 0
2 Sergey Kalinin 40 0 5 0
Penalty Kill - 3 Players Defense
Defense Defense Time % Phy DF OF
1 Alexei Marchenko Mike Green 60 0 5 0
2 Brandon Burlon Brandon Gormley 40 0 5 0
4 vs 4 Forward
Center Wing Time % Phy DF OF
1 Patrick Kane Taylor Hall 60 0 0 5
2 Nicklas Backstrom Cody Hodgson 40 0 0 5
4 vs 4 Defense
Defense Defense Time % Phy DF OF
1 Brandon Gormley Mike Green 60 0 2 3
2 Alexei Marchenko Shea Theodore 40 0 2 3
Last Minutes Offensive
Center Left Wing Right Wing Defense Defense
Nicklas Backstrom Taylor Hall Patrick Kane Brandon Gormley Mike Green
Last Minutes Defensive
Center Left Wing Right Wing Defense Defense
Sergey Kalinin Blake Pietila Patrick Kane Mike Green Alexei Marchenko
Goaltenders
Starting : Cory Schneider
Backup : Chet Pickard
Extra Forwards
Normal : Patrick Kane, Taylor Hall, Nicklas Backstrom - PP : Taylor Hall, Patrick Kane - PK : Patrick Kane
Extra Defensemen
Normal : Brandon Gormley, Mike Green, Alexei Marchenko - PP : Mike Green - PK : Alexei Marchenko, Mike Green
Penalty Shots
Cody Hodgson, Taylor Hall, Patrick Kane, Phil Kessel, Nicklas Backstrom
Scratches
Bobby Ryan (Groin Injury)
Rangers
5 vs 5 Forward
Center Left Wing Right Wing Time % Phy DF OF
1 Sean Couturier Milan Lucic Ryan Strome 40 1 2 2
2 Tomas Hertl Chris Mcallister Devante Smith-Pelly 30 1 2 2
3 Henrik Samuelsson Ondrej Palat Richard Panik 20 1 2 2
4 Maxime Sauvé Magnus Paajarvi Stefan Noesen 10 1 2 2
5 vs 5 Defense
Defense Defense Time % Phy DF OF
1 Dmitry Kulikov Jake McCabe 40 1 2 2
2 Patrik Nemeth Josh Gorges 30 1 2 2
3 Cale Makar Brett Ponich 20 1 2 2
4 Dmitry Kulikov Jake McCabe 10 1 2 2
PowerPlay Forward
Center Left Wing Right Wing Time % Phy DF OF
1 Sean Couturier Milan Lucic Ryan Strome 60 1 2 2
2 Tomas Hertl Chris Mcallister Devante Smith-Pelly 40 1 2 2
PowerPlay Defense
Defense Defense Time % Phy DF OF
1 Dmitry Kulikov Jake McCabe 60 1 2 2
2 Patrik Nemeth Josh Gorges 40 1 2 2
Penalty Kill 4 Players Forward
Center Wing Time % Phy DF OF
1 Milan Lucic Sean Couturier 60 1 2 2
2 Tomas Hertl Ryan Strome 40 1 2 2
Penalty Kill 4 Players Defense
Defense Defense Time % Phy DF OF
1 Dmitry Kulikov Jake McCabe 60 1 2 2
2 Patrik Nemeth Josh Gorges 40 1 2 2
Penalty Kill - 3 Players Forward
Forward Time % Phy DF OF
1 Milan Lucic 60 1 2 2
2 Sean Couturier 40 1 2 2
Penalty Kill - 3 Players Defense
Defense Defense Time % Phy DF OF
1 Dmitry Kulikov Jake McCabe 60 1 2 2
2 Patrik Nemeth Josh Gorges 40 1 2 2
4 vs 4 Forward
Center Wing Time % Phy DF OF
1 Milan Lucic Sean Couturier 60 1 2 2
2 Tomas Hertl Ryan Strome 40 1 2 2
4 vs 4 Defense
Defense Defense Time % Phy DF OF
1 Dmitry Kulikov Jake McCabe 60 1 2 2
2 Patrik Nemeth Josh Gorges 40 1 2 2
Last Minutes Offensive
Center Left Wing Right Wing Defense Defense
Sean Couturier Milan Lucic Ryan Strome Dmitry Kulikov Jake McCabe
Last Minutes Defensive
Center Left Wing Right Wing Defense Defense
Sean Couturier Milan Lucic Ryan Strome Dmitry Kulikov Jake McCabe
Goaltenders
Starting : Frederik Andersen
Backup : Samuel Montembeault
Extra Forwards
Normal : Ondrej Palat, Richard Panik, Henrik Samuelsson - PP : Ondrej Palat, Richard Panik - PK : Henrik Samuelsson
Extra Defensemen
Normal : Cale Makar, Brett Ponich, Patrik Nemeth - PP : Cale Makar - PK : Brett Ponich, Patrik Nemeth
Penalty Shots
Milan Lucic, Sean Couturier, Tomas Hertl, Ryan Strome, Chris Mcallister
Scratches
T.J Galiardi (Healthy)
% Time on Ice - Capitals
Lines # - Real PCT - Wanted PCT - Time Play
Normal Forward
1 - 32% - 35% - 14:43
2 - 30% - 35% - 13:34
3 - 25% - 25% - 11:34
4 - 12% - 5% - 5:32
Normal Defense
1 - 38% - 40% - 17:25
2 - 32% - 30% - 14:43
3 - 25% - 20% - 11:10
4 - 5% - 10% - 2:05
PP Forward
1 - 57% - 60% - 4:55
2 - 43% - 40% - 3:44
PP Defense
1 - 60% - 60% - 5:13
2 - 40% - 40% - 3:26
PK Forward
1 - 70% - 60% - 2:48
2 - 30% - 40% - 1:11
PK Defense
1 - 88% - 60% - 3:30
2 - 12% - 40% - 0:29
PK3 Forward
1 - 0% - 60%
2 - 0% - 40%
PK3 Defense
1 - 0% - 60%
2 - 0% - 40%
44 Forward
1 - 100% - 60% - 1:59
2 - 0% - 40% - 0:00
44 Defense
1 - 69% - 60% - 1:22
2 - 31% - 40% - 0:37
Last Minute Offensive - 0:00
Last Minute Defensive - 0:00
Total
Forward - 60:00
Defense - 60:00
|
% Time on Ice - Rangers
Lines # - Real PCT - Wanted PCT - Time Play
Normal Forward
1 - 35% - 40% - 15:43
2 - 28% - 30% - 12:41
3 - 23% - 20% - 10:19
4 - 15% - 10% - 6:40
Normal Defense
1 - 41% - 40% - 18:38
2 - 30% - 30% - 13:48
3 - 25% - 20% - 11:13
4 - 4% - 10% - 1:44
PP Forward
1 - 52% - 60% - 2:04
2 - 48% - 40% - 1:55
PP Defense
1 - 79% - 60% - 3:09
2 - 21% - 40% - 0:50
PK Forward
1 - 81% - 60% - 6:59
2 - 19% - 40% - 1:40
PK Defense
1 - 51% - 60% - 4:25
2 - 49% - 40% - 4:14
PK3 Forward
1 - 0% - 60%
2 - 0% - 40%
PK3 Defense
1 - 0% - 60%
2 - 0% - 40%
44 Forward
1 - 100% - 60% - 1:59
2 - 0% - 40% - 0:00
44 Defense
1 - 62% - 60% - 1:14
2 - 38% - 40% - 0:45
Last Minute Offensive - 0:00
Last Minute Defensive - 0:00
Total
Forward - 60:00
Defense - 60:00
|
Play-by-Play
1st period
0:01 of 1st period - Sean Couturier wins face-off versus Nicklas Backstrom in neutral zone.
0:06 of 1st period - Snap shot by Sean Couturier.
0:06 of 1st period - Shot Misses the Net.
0:08 of 1st period - Slapshot by Dmitry Kulikov.
0:08 of 1st period - Shot Blocked by Brandon Gormley.
0:10 of 1st period - Snap shot by Sean Couturier.
0:10 of 1st period - Goal by Sean Couturier - Capitals : 0 - Rangers : 1.
0:11 of 1st period - Cody Hodgson wins face-off versus Tomas Hertl in neutral zone.
0:20 of 1st period - Snap shot by Chris Mcallister.
0:20 of 1st period - Stopped by Cory Schneider without a rebound.
0:21 of 1st period - Chris Mcallister wins face-off versus Cody Hodgson in Capitals zone.
0:30 of 1st period - Chris Mcallister is hit by Phil Kessel and loses puck.
1:21 of 1st period - Snap shot by Tomas Hertl.
1:21 of 1st period - Shot Misses the Net.
1:23 of 1st period - Snap shot by Chris Mcallister.
1:23 of 1st period - Shot Misses the Net.
1:25 of 1st period - Slapshot by Josh Gorges.
1:25 of 1st period - Deflect By Tomas Hertl.
1:25 of 1st period - Shot Misses the Net.
1:25 of 1st period - Puck is out of play.
1:26 of 1st period - Sean Couturier wins face-off versus Joe Colborne in Capitals zone.
2:00 of 1st period - Wrist shot by Richard Panik.
2:00 of 1st period - Shot Misses the Net.
2:02 of 1st period - Wrist shot by Ondrej Palat.
2:02 of 1st period - Stopped by Cory Schneider without a rebound.
2:03 of 1st period - Joe Colborne wins face-off versus Maxime Sauvé in Capitals zone.
2:28 of 1st period - Patrick Kane is hit by Sean Couturier and loses puck.
3:23 of 1st period - Snap shot by Chris Mcallister.
3:23 of 1st period - Shot Blocked by Mike Green.
3:29 of 1st period - Snap shot by Devante Smith-Pelly.
3:29 of 1st period - Shot Misses the Net.
3:41 of 1st period - Brett Ponich is hit by Blake Pietila and loses puck.
5:20 of 1st period - Slapshot by Magnus Paajarvi.
5:20 of 1st period - Shot Misses the Net.
6:12 of 1st period - Minor Penalty to Blake Pietila for Interference.
6:13 of 1st period - Sean Couturier wins face-off versus Sergey Kalinin in Capitals zone.
8:01 of 1st period - Patrick Kane is hit by Ryan Strome and loses puck.
8:12 of 1st period - Penalty to Blake Pietila is over, Blake Pietila is back on ice.
9:01 of 1st period - Snap shot by Cale Makar.
9:01 of 1st period - Stopped by Cory Schneider without a rebound.
9:02 of 1st period - Cody Hodgson wins face-off versus Henrik Samuelsson in Capitals zone.
9:04 of 1st period - Icing by Mike Green.
9:05 of 1st period - Henrik Samuelsson wins face-off versus Cody Hodgson in Capitals zone.
9:14 of 1st period - Snap shot by Phil Kessel.
9:14 of 1st period - Shot Misses the Net.
9:16 of 1st period - Slapshot by Mike Green.
9:16 of 1st period - Stopped by Frederik Andersen with a rebound.
9:18 of 1st period - Snap shot by Cody Hodgson.
9:18 of 1st period - Shot Blocked by Patrik Nemeth.
9:26 of 1st period - Wrist shot by Phil Kessel.
9:26 of 1st period - Stopped by Frederik Andersen with a rebound.
9:28 of 1st period - Slapshot by Cody Hodgson.
9:28 of 1st period - Stopped by Frederik Andersen with a rebound.
9:30 of 1st period - Snap shot by Phil Kessel.
9:30 of 1st period - Stopped by Frederik Andersen with a rebound.
9:38 of 1st period - Slapshot by Phil Kessel.
9:38 of 1st period - Stopped by Frederik Andersen without a rebound.
9:39 of 1st period - Sean Couturier wins face-off versus Nicklas Backstrom in Rangers zone.
9:46 of 1st period - Taylor Hall is hit by Sean Couturier and loses puck.
10:09 of 1st period - Off-side.
10:10 of 1st period - Tomas Hertl wins face-off versus Nicklas Backstrom in neutral zone.
10:17 of 1st period - Snap shot by Devante Smith-Pelly.
10:17 of 1st period - Stopped by Cory Schneider without a rebound.
10:18 of 1st period - Ryan Strome wins face-off versus Nicklas Backstrom in Capitals zone.
10:21 of 1st period - Snap shot by Milan Lucic.
10:21 of 1st period - Shot Misses the Net.
10:23 of 1st period - Wrist shot by Jake McCabe.
10:23 of 1st period - Shot Blocked by Shea Theodore.
11:33 of 1st period - Icing by Jake McCabe.
11:34 of 1st period - Cody Hodgson wins face-off versus Henrik Samuelsson in Rangers zone.
11:35 of 1st period - Snap shot by Blake Pietila.
11:35 of 1st period - Shot Misses the Net.
11:37 of 1st period - Wrist shot by Phil Kessel.
11:37 of 1st period - Shot Misses the Net.
11:44 of 1st period - Icing by Dmitry Kulikov.
11:45 of 1st period - Blake Pietila wins face-off versus Henrik Samuelsson in Rangers zone.
11:56 of 1st period - Wrist shot by Richard Panik.
11:56 of 1st period - Stopped by Cory Schneider without a rebound.
11:57 of 1st period - Sean Couturier wins face-off versus Jujhar Khaira in Capitals zone.
12:10 of 1st period - Snap shot by Milan Lucic.
12:10 of 1st period - Stopped by Cory Schneider without a rebound.
12:11 of 1st period - Cody Hodgson wins face-off versus Sean Couturier in Capitals zone.
13:14 of 1st period - Wrist shot by Jeff Skinner.
13:14 of 1st period - Deflect By Sergey Kalinin.
13:14 of 1st period - Shot Misses the Net.
13:14 of 1st period - Puck is out of play.
13:15 of 1st period - Sean Couturier wins face-off versus Joe Colborne in Rangers zone.
13:17 of 1st period - Minor Penalty to Jake McCabe for Elbowing.
13:18 of 1st period - Nicklas Backstrom wins face-off versus Milan Lucic in Rangers zone.
13:25 of 1st period - Slapshot by Brandon Gormley.
13:25 of 1st period - Stopped by Frederik Andersen with a rebound.
13:27 of 1st period - Wrist shot by Brandon Gormley.
13:27 of 1st period - Stopped by Frederik Andersen with a rebound.
13:29 of 1st period - Wrist shot by Mike Green.
13:29 of 1st period - Stopped by Frederik Andersen without a rebound.
13:30 of 1st period - Milan Lucic wins face-off versus Nicklas Backstrom in Rangers zone.
13:47 of 1st period - Snap shot by Patrick Kane.
13:47 of 1st period - Shot Blocked by Brett Ponich.
14:05 of 1st period - Wrist shot by Cody Hodgson.
14:05 of 1st period - Deflect By Phil Kessel.
14:05 of 1st period - Shot Misses the Net.
14:05 of 1st period - Puck is out of play.
14:06 of 1st period - Tomas Hertl wins face-off versus Nicklas Backstrom in Rangers zone.
14:21 of 1st period - Nicklas Backstrom is hit by Patrik Nemeth and loses puck.
14:32 of 1st period - Patrik Nemeth is hit by Phil Kessel and loses puck.
14:37 of 1st period - Snap shot by Blake Pietila.
14:37 of 1st period - Stopped by Frederik Andersen without a rebound.
14:38 of 1st period - Milan Lucic wins face-off versus Cody Hodgson in Rangers zone.
14:51 of 1st period - Wrist shot by Taylor Hall.
14:51 of 1st period - Shot Misses the Net.
14:53 of 1st period - Slapshot by Mike Green.
14:53 of 1st period - Stopped by Frederik Andersen without a rebound.
14:54 of 1st period - Tomas Hertl wins face-off versus Nicklas Backstrom in Rangers zone.
15:05 of 1st period - Brandon Gormley is hit by Dmitry Kulikov and loses puck.
15:17 of 1st period - Penalty to Jake McCabe is over, Jake McCabe is back on ice.
15:23 of 1st period - Patrick Kane is hit by Tomas Hertl and loses puck.
15:53 of 1st period - Snap shot by Nicklas Backstrom.
15:53 of 1st period - Stopped by Frederik Andersen without a rebound.
15:54 of 1st period - Maxime Sauvé wins face-off versus Cody Hodgson in Rangers zone.
15:59 of 1st period - Snap shot by Maxime Sauvé.
15:59 of 1st period - Shot Misses the Net.
16:20 of 1st period - Brandon Burlon is hit by Henrik Samuelsson.
16:26 of 1st period - Wrist shot by Steve Downie.
16:26 of 1st period - Shot Misses the Net.
16:28 of 1st period - Slapshot by Shea Theodore.
16:28 of 1st period - Deflect By Henrik Samuelsson.
16:28 of 1st period - Stopped by Frederik Andersen without a rebound.
16:29 of 1st period - Ryan Strome wins face-off versus Cody Hodgson in Rangers zone.
16:48 of 1st period - Ryan Strome is hit by Blake Pietila and loses puck.
17:07 of 1st period - Snap shot by Sean Couturier.
17:07 of 1st period - Shot Blocked by Blake Pietila.
17:09 of 1st period - Slapshot by Dmitry Kulikov.
17:09 of 1st period - Stopped by Cory Schneider without a rebound.
17:10 of 1st period - Tomas Hertl wins face-off versus Joe Colborne in Capitals zone.
17:37 of 1st period - Josh Gorges is hit by Taylor Hall and loses puck.
18:32 of 1st period - Snap shot by Joe Colborne.
18:32 of 1st period - Shot Misses the Net.
18:44 of 1st period - Shea Theodore is hit by Jake McCabe and loses puck.
18:49 of 1st period - Snap shot by Tomas Hertl.
18:49 of 1st period - Shot Misses the Net.
19:05 of 1st period - Cale Makar is hit by Cody Hodgson and loses puck.
19:12 of 1st period - Wrist shot by Cody Hodgson.
19:12 of 1st period - Shot Blocked by Brett Ponich.
19:30 of 1st period - Wrist shot by Milan Lucic.
19:30 of 1st period - Stopped by Cory Schneider without a rebound.
19:31 of 1st period - Sergey Kalinin wins face-off versus Milan Lucic in Capitals zone.
Goals for this period are 0 for Capitals vs 1 for Rangers.
Shots for this period are 12 for Capitals vs 9 for Rangers.
2nd period
0:01 of 2nd period - Sean Couturier wins face-off versus Cody Hodgson in neutral zone.
0:29 of 2nd period - Wrist shot by Ondrej Palat.
0:29 of 2nd period - Shot Blocked by Brandon Gormley.
0:35 of 2nd period - Backhand shot by Cody Hodgson.
0:35 of 2nd period - Stopped by Frederik Andersen without a rebound.
0:36 of 2nd period - Sean Couturier wins face-off versus Nicklas Backstrom in Rangers zone.
1:12 of 2nd period - Slapshot by Alexei Marchenko.
1:12 of 2nd period - Stopped by Frederik Andersen without a rebound.
1:13 of 2nd period - Cody Hodgson wins face-off versus Tomas Hertl in Rangers zone.
1:30 of 2nd period - Snap shot by Cody Hodgson.
1:30 of 2nd period - Shot Blocked by Patrik Nemeth.
1:40 of 2nd period - Nicklas Backstrom is hit by Patrik Nemeth and loses puck.
1:49 of 2nd period - Slapshot by Taylor Hall.
1:49 of 2nd period - Stopped by Frederik Andersen without a rebound.
1:50 of 2nd period - Sean Couturier wins face-off versus Joe Colborne in Rangers zone.
1:50 of 2nd period - Sean Couturier is hit by Joe Colborne.
2:06 of 2nd period - Slapshot by Milan Lucic.
2:06 of 2nd period - Goal by Milan Lucic - Capitals : 0 - Rangers : 2.
2:07 of 2nd period - Sean Couturier wins face-off versus Nicklas Backstrom in neutral zone.
3:29 of 2nd period - Snap shot by Sean Couturier.
3:29 of 2nd period - Shot Misses the Net.
3:31 of 2nd period - Backhand shot by Milan Lucic.
3:31 of 2nd period - Shot Misses the Net.
3:53 of 2nd period - Slapshot by Stefan Noesen.
3:53 of 2nd period - Shot Blocked by Jared Spurgeon.
4:16 of 2nd period - Icing by Cale Makar.
4:17 of 2nd period - Tomas Hertl wins face-off versus Nicklas Backstrom in Rangers zone.
4:44 of 2nd period - Tomas Hertl is hit by Brandon Gormley and loses puck.
4:56 of 2nd period - Icing by Mike Green.
4:57 of 2nd period - Cody Hodgson wins face-off versus Sean Couturier in Capitals zone.
5:29 of 2nd period - Icing by Joe Colborne.
5:30 of 2nd period - Joe Colborne wins face-off versus Tomas Hertl in Capitals zone.
5:39 of 2nd period - Slapshot by Jujhar Khaira.
5:39 of 2nd period - Shot Misses the Net.
5:41 of 2nd period - Snap shot by Steve Downie.
5:41 of 2nd period - Stopped by Frederik Andersen without a rebound.
5:42 of 2nd period - Nicklas Backstrom wins face-off versus Sean Couturier in Rangers zone.
5:57 of 2nd period - Snap shot by Sean Couturier.
5:57 of 2nd period - Stopped by Cory Schneider without a rebound.
5:58 of 2nd period - Joe Colborne wins face-off versus Tomas Hertl in Capitals zone.
6:23 of 2nd period - Dmitry Kulikov is hit by Nicklas Backstrom and loses puck.
6:43 of 2nd period - Off-side.
6:44 of 2nd period - Cody Hodgson wins face-off versus Ondrej Palat in neutral zone.
6:50 of 2nd period - Icing by Richard Panik.
6:51 of 2nd period - Nicklas Backstrom wins face-off versus Henrik Samuelsson in Rangers zone.
6:52 of 2nd period - Backhand shot by Taylor Hall.
6:52 of 2nd period - Stopped by Frederik Andersen without a rebound.
6:53 of 2nd period - Sean Couturier wins face-off versus Nicklas Backstrom in Rangers zone.
7:42 of 2nd period - Snap shot by Magnus Paajarvi.
7:42 of 2nd period - Goal by Magnus Paajarvi - Capitals : 0 - Rangers : 3.
7:43 of 2nd period - Sean Couturier wins face-off versus Joe Colborne in neutral zone.
8:37 of 2nd period - Slapshot by Stefan Noesen.
8:37 of 2nd period - Deflect By Maxime Sauvé.
8:37 of 2nd period - Stopped by Cory Schneider with a rebound.
8:39 of 2nd period - Slapshot by Josh Gorges.
8:39 of 2nd period - Stopped by Cory Schneider with a rebound.
9:07 of 2nd period - Wrist shot by Ondrej Palat.
9:07 of 2nd period - Stopped by Cory Schneider without a rebound.
9:08 of 2nd period - Ryan Strome wins face-off versus Joe Colborne in Capitals zone.
9:13 of 2nd period - Snap shot by Ryan Strome.
9:13 of 2nd period - Deflect By Milan Lucic.
9:13 of 2nd period - Goal by Milan Lucic - Capitals : 0 - Rangers : 4.
9:13 of 2nd period - Chet Pickard enters game.
9:14 of 2nd period - Milan Lucic wins face-off versus Nicklas Backstrom in neutral zone.
9:20 of 2nd period - Off-side.
9:21 of 2nd period - Nicklas Backstrom wins face-off versus Sean Couturier in neutral zone.
9:40 of 2nd period - Slapshot by Jake McCabe.
9:40 of 2nd period - Stopped by Chet Pickard without a rebound.
9:41 of 2nd period - Phil Kessel wins face-off versus Tomas Hertl in Capitals zone.
9:50 of 2nd period - Off-side.
9:51 of 2nd period - Tomas Hertl wins face-off versus Cody Hodgson in neutral zone.
9:56 of 2nd period - Backhand shot by Devante Smith-Pelly.
9:56 of 2nd period - Stopped by Chet Pickard with a rebound.
10:44 of 2nd period - Wrist shot by Tomas Hertl.
10:44 of 2nd period - Stopped by Chet Pickard without a rebound.
10:45 of 2nd period - Joe Colborne wins face-off versus Sean Couturier in Capitals zone.
10:50 of 2nd period - Snap shot by Steve Downie.
10:50 of 2nd period - Shot Misses the Net.
10:52 of 2nd period - Slapshot by Brandon Gormley.
10:52 of 2nd period - Shot Blocked by Josh Gorges.
10:54 of 2nd period - Slapshot by Brandon Gormley.
10:54 of 2nd period - Shot Misses the Net.
10:56 of 2nd period - Slapshot by Brandon Gormley.
10:56 of 2nd period - Stopped by Frederik Andersen with a rebound.
10:58 of 2nd period - Slapshot by Jujhar Khaira.
10:58 of 2nd period - Stopped by Frederik Andersen without a rebound.
10:59 of 2nd period - Sean Couturier wins face-off versus Nicklas Backstrom in Rangers zone.
11:35 of 2nd period - Slapshot by Shea Theodore.
11:35 of 2nd period - Deflect By Jujhar Khaira.
11:35 of 2nd period - Stopped by Frederik Andersen without a rebound.
11:36 of 2nd period - Cody Hodgson wins face-off versus Henrik Samuelsson in Rangers zone.
12:08 of 2nd period - Wrist shot by Patrick Kane.
12:08 of 2nd period - Stopped by Frederik Andersen with a rebound.
12:10 of 2nd period - Slapshot by Nicklas Backstrom.
12:10 of 2nd period - Shot Misses the Net.
12:12 of 2nd period - Wrist shot by Nicklas Backstrom.
12:12 of 2nd period - Stopped by Frederik Andersen with a rebound.
12:30 of 2nd period - Slapshot by Sergey Kalinin.
12:30 of 2nd period - Shot Blocked by Jake McCabe.
12:32 of 2nd period - Snap shot by Sergey Kalinin.
12:32 of 2nd period - Shot Misses the Net.
12:43 of 2nd period - Minor Penalty to Dmitry Kulikov for Hooking.
12:44 of 2nd period - Milan Lucic wins face-off versus Nicklas Backstrom in Rangers zone.
12:44 of 2nd period - Milan Lucic is hit by Patrick Kane.
13:00 of 2nd period - Slapshot by Mike Green.
13:00 of 2nd period - Shot Blocked by Patrik Nemeth.
13:22 of 2nd period - Slapshot by Blake Pietila.
13:22 of 2nd period - Shot Misses the Net.
13:24 of 2nd period - Snap shot by Blake Pietila.
13:24 of 2nd period - Stopped by Frederik Andersen with a rebound.
13:26 of 2nd period - Snap shot by Phil Kessel.
13:26 of 2nd period - Goal by Phil Kessel - Capitals : 1 - Rangers : 4.
13:27 of 2nd period - Steve Downie wins face-off versus Sean Couturier in neutral zone.
13:38 of 2nd period - Snap shot by Joe Colborne.
13:38 of 2nd period - Stopped by Frederik Andersen with a rebound.
13:40 of 2nd period - Slapshot by Steve Downie.
13:40 of 2nd period - Stopped by Frederik Andersen with a rebound.
13:42 of 2nd period - Slapshot by Brandon Gormley.
13:42 of 2nd period - Shot Blocked by Dmitry Kulikov.
14:04 of 2nd period - Snap shot by Devante Smith-Pelly.
14:04 of 2nd period - Shot Misses the Net.
14:20 of 2nd period - Wrist shot by Ondrej Palat.
14:20 of 2nd period - Stopped by Chet Pickard with a rebound.
14:22 of 2nd period - Snap shot by Ondrej Palat.
14:22 of 2nd period - Rangers goal is going for a video replay.
14:22 of 2nd period - The goal is good.
14:22 of 2nd period - Goal by Ondrej Palat - Capitals : 1 - Rangers : 5.
14:23 of 2nd period - Milan Lucic wins face-off versus Joe Colborne in neutral zone.
14:32 of 2nd period - Snap shot by Sean Couturier.
14:32 of 2nd period - Deflect By Ryan Strome.
14:32 of 2nd period - Shot Blocked by Steve Downie.
14:32 of 2nd period - Puck is out of play.
14:33 of 2nd period - Joe Colborne wins face-off versus Sean Couturier in Capitals zone.
14:44 of 2nd period - Dmitry Kulikov is hit by Joe Colborne and loses puck.
15:14 of 2nd period - Minor Penalty to Sean Couturier for Tripping.
15:15 of 2nd period - Milan Lucic wins face-off versus Nicklas Backstrom in Rangers zone.
17:05 of 2nd period - Mike Green is hit by Tomas Hertl and loses puck.
17:14 of 2nd period - Penalty to Sean Couturier is over, Sean Couturier is back on ice.
18:12 of 2nd period - Jared Spurgeon is hit by Maxime Sauvé and loses puck.
18:27 of 2nd period - Patrick Kane is hit by Devante Smith-Pelly and loses puck.
18:54 of 2nd period - Wrist shot by Jeff Skinner.
18:54 of 2nd period - Stopped by Frederik Andersen with a rebound.
19:56 of 2nd period - Cale Makar is hit by Alexei Marchenko and loses puck.
Goals for this period are 1 for Capitals vs 4 for Rangers.
Shots for this period are 15 for Capitals vs 12 for Rangers.
3rd period
0:01 of 3rd period - Sean Couturier wins face-off versus Nicklas Backstrom in neutral zone.
0:33 of 3rd period - Icing by Jake McCabe.
0:34 of 3rd period - Tomas Hertl wins face-off versus Nicklas Backstrom in Rangers zone.
0:59 of 3rd period - Patrick Kane is hit by Chris Mcallister and loses puck.
1:03 of 3rd period - Icing by Alexei Marchenko.
1:04 of 3rd period - Sean Couturier wins face-off versus Nicklas Backstrom in Capitals zone.
1:10 of 3rd period - Double Minor Penalty to Taylor Hall for Roughing.
1:11 of 3rd period - Sean Couturier wins face-off versus Sergey Kalinin in Capitals zone.
1:14 of 3rd period - Minor Penalty to Sean Couturier for Roughing.
1:15 of 3rd period - Patrick Kane wins face-off versus Milan Lucic in Rangers zone.
1:30 of 3rd period - Slapshot by Milan Lucic.
1:30 of 3rd period - Shot Blocked by Mike Green.
1:32 of 3rd period - Wrist shot by Ondrej Palat.
1:32 of 3rd period - Stopped by Chet Pickard without a rebound.
1:33 of 3rd period - Milan Lucic wins face-off versus Patrick Kane in Capitals zone.
1:34 of 3rd period - Wrist shot by Ondrej Palat.
1:34 of 3rd period - Shot Blocked by Patrick Kane.
1:36 of 3rd period - Slapshot by Jake McCabe.
1:36 of 3rd period - Stopped by Chet Pickard without a rebound.
1:37 of 3rd period - Patrick Kane wins face-off versus Milan Lucic in Capitals zone.
1:48 of 3rd period - Wrist shot by Brandon Gormley.
1:48 of 3rd period - Deflect By Patrick Kane.
1:48 of 3rd period - Stopped by Frederik Andersen with a rebound.
1:58 of 3rd period - Dmitry Kulikov is hit by Mike Green and loses puck.
2:11 of 3rd period - Snap shot by Milan Lucic.
2:11 of 3rd period - Shot Blocked by Nicklas Backstrom.
2:17 of 3rd period - Snap shot by Milan Lucic.
2:17 of 3rd period - Shot Misses the Net.
2:23 of 3rd period - Snap shot by Milan Lucic.
2:23 of 3rd period - Shot Misses the Net.
2:25 of 3rd period - Snap shot by Ondrej Palat.
2:25 of 3rd period - Goal by Ondrej Palat - Capitals : 1 - Rangers : 6.
2:26 of 3rd period - Patrick Kane wins face-off versus Milan Lucic in neutral zone.
3:14 of 3rd period - Penalty to Sean Couturier is over, Sean Couturier is back on ice.
4:37 of 3rd period - Chris Mcallister is hit by Alexei Marchenko and loses puck.
4:46 of 3rd period - Wrist shot by Cody Hodgson.
4:46 of 3rd period - Stopped by Frederik Andersen with a rebound.
5:10 of 3rd period - Penalty to Taylor Hall is over, Taylor Hall is back on ice.
6:18 of 3rd period - Off-side.
6:19 of 3rd period - Joe Colborne wins face-off versus Sean Couturier in neutral zone.
6:22 of 3rd period - Ryan Strome is hit by Jujhar Khaira and loses puck.
6:43 of 3rd period - Wrist shot by Brandon Gormley.
6:43 of 3rd period - Stopped by Frederik Andersen without a rebound.
6:44 of 3rd period - Henrik Samuelsson wins face-off versus Sergey Kalinin in Rangers zone.
6:44 of 3rd period - Henrik Samuelsson is hit by Brett Bulmer.
7:00 of 3rd period - Slapshot by Alexei Marchenko.
7:00 of 3rd period - Deflect By Cale Makar.
7:00 of 3rd period - Stopped by Frederik Andersen without a rebound.
7:01 of 3rd period - Sean Couturier wins face-off versus Cody Hodgson in Rangers zone.
7:03 of 3rd period - Minor Penalty to Ryan Strome for Tripping.
7:04 of 3rd period - Nicklas Backstrom wins face-off versus Milan Lucic in Rangers zone.
9:03 of 3rd period - Penalty to Ryan Strome is over, Ryan Strome is back on ice.
9:34 of 3rd period - Patrik Nemeth is hit by Brett Bulmer and loses puck.
9:53 of 3rd period - Richard Panik is hit by Brandon Gormley and loses puck.
11:05 of 3rd period - Milan Lucic is hit by Steve Downie and loses puck.
11:36 of 3rd period - Ondrej Palat is hit by Cody Hodgson.
12:34 of 3rd period - Taylor Hall is hit by Stefan Noesen and loses puck.
12:43 of 3rd period - Snap shot by Maxime Sauvé.
12:43 of 3rd period - Shot Misses the Net.
13:15 of 3rd period - Snap shot by Tomas Hertl.
13:15 of 3rd period - Shot Misses the Net.
13:17 of 3rd period - Wrist shot by Chris Mcallister.
13:17 of 3rd period - Shot Blocked by Jujhar Khaira.
14:12 of 3rd period - Wrist shot by Henrik Samuelsson.
14:12 of 3rd period - Shot Misses the Net.
14:24 of 3rd period - Dmitry Kulikov is hit by Nicklas Backstrom and loses puck.
14:28 of 3rd period - Icing by Milan Lucic.
14:29 of 3rd period - Nicklas Backstrom wins face-off versus Sean Couturier in Rangers zone.
14:56 of 3rd period - Snap shot by Phil Kessel.
14:56 of 3rd period - Shot Misses the Net.
15:38 of 3rd period - Backhand shot by Taylor Hall.
15:38 of 3rd period - Shot Misses the Net.
15:40 of 3rd period - Snap shot by Taylor Hall.
15:40 of 3rd period - Stopped by Frederik Andersen without a rebound.
15:41 of 3rd period - Sean Couturier wins face-off versus Nicklas Backstrom in Rangers zone.
15:56 of 3rd period - Brett Ponich is hit by Nicklas Backstrom and loses puck.
16:13 of 3rd period - Snap shot by Henrik Samuelsson.
16:13 of 3rd period - Stopped by Chet Pickard with a rebound.
16:15 of 3rd period - Wrist shot by Henrik Samuelsson.
16:15 of 3rd period - Stopped by Chet Pickard without a rebound.
16:16 of 3rd period - Cody Hodgson wins face-off versus Henrik Samuelsson in Capitals zone.
16:33 of 3rd period - Wrist shot by Blake Pietila.
16:33 of 3rd period - Shot Misses the Net.
16:43 of 3rd period - Steve Downie is hit by Milan Lucic and loses puck.
16:58 of 3rd period - Minor Penalty to Milan Lucic for Hooking.
16:59 of 3rd period - Henrik Samuelsson wins face-off versus Nicklas Backstrom in Rangers zone.
17:33 of 3rd period - Slapshot by Blake Pietila.
17:33 of 3rd period - Shot Misses the Net.
17:35 of 3rd period - Snap shot by Blake Pietila.
17:35 of 3rd period - Stopped by Frederik Andersen without a rebound.
17:36 of 3rd period - Nicklas Backstrom wins face-off versus Henrik Samuelsson in Rangers zone.
17:49 of 3rd period - Snap shot by Taylor Hall.
17:49 of 3rd period - Shot Hit the Post.
17:51 of 3rd period - Wrist shot by Nicklas Backstrom.
17:51 of 3rd period - Shot Blocked by Josh Gorges.
18:03 of 3rd period - Phil Kessel is hit by Josh Gorges and loses puck.
18:52 of 3rd period - Blake Pietila is hit by Dmitry Kulikov and loses puck.
18:58 of 3rd period - Penalty to Milan Lucic is over, Milan Lucic is back on ice.
19:01 of 3rd period - Dmitry Kulikov is hit by Brandon Gormley and loses puck.
19:32 of 3rd period - Snap shot by Jeff Skinner.
19:32 of 3rd period - Deflect By Sergey Kalinin.
19:32 of 3rd period - Stopped by Frederik Andersen without a rebound.
19:33 of 3rd period - Patrick Kane wins face-off versus Tomas Hertl in Rangers zone.
19:48 of 3rd period - Slapshot by Cale Makar.
19:48 of 3rd period - Stopped by Chet Pickard with a rebound.
19:58 of 3rd period - Stefan Noesen is hit by Jujhar Khaira and loses puck.
Goals for this period are 0 for Capitals vs 1 for Rangers.
Shots for this period are 7 for Capitals vs 6 for Rangers.